BR
OTTAWA FAT CATS @ PITTSBURGH KILLA BEEZ
08/15/2027
 
TOP OF THE 1ST
Ottawa Fat Cats batting - Pitching for Pittsburgh Killa Beez : RHP Lu Kun
Pitching: RHP Lu Kun
Batting: RHB Luis Reynoso 0-0: Fly out, F8 (Flyball, 8LM)
Batting: RHB Santiago Díaz 0-0: Called Strike
0-1: Ball
1-1: Ball
2-1: Foul Ball, location: 2F
2-2: Ball
3-2: Foul Ball, location: 2F
3-2: Foul Ball, location: 2F
3-2: Base on Balls
Batting: RHB George Green 0-0: Called Strike
0-1: Swinging Strike
0-2: Strikes out looking
Batting: LHB Wayne Rogers 0-0: Ball
1-0: Foul Ball, location: 2F
1-1: SINGLE (Line Drive, 89S)
Santiago Díaz to second
Runner from 2nd tries for 3rd, SAFE, no throw
Batting: RHB Vicente Guerra 0-0: SINGLE (Flyball, 7LS)
Santiago Díaz scores
Wayne Rogers to second
Batting: SHB Jorge Santos 0-0: Ball
1-0: Swinging Strike
1-1: Swinging Strike
1-2: Strikes out looking
Top of the 1st over - 1 run(s), 2 hit(s), 0 error(s), 2 left on base; Ottawa 1 - Pittsburgh 0
BOTTOM OF THE 1ST
Pittsburgh Killa Beez batting - Pitching for Ottawa Fat Cats : RHP Steve Sousa
Pitching: RHP Steve Sousa
Batting: RHB Stan Taylor 0-0: Ball
1-0: Called Strike
1-1: Foul Ball, location: 2F
1-2: Ball
2-2: Ground out 2-3 (Groundball, 2L)
Batting: LHB José Guerrero 0-0: Ball
1-0: Swinging Strike
1-1: SINGLE (Line Drive, 6D)
Batting: SHB Tony Morrison 0-0: Ball
1-0: Ball
2-0: Ball
3-0: Called Strike
3-1: Base on Balls
José Guerrero to second
Batting: LHB Al Miller 0-0: Foul Ball, location: 2F
0-1: Foul Ball, location: 2F
0-2: Fielders Choice at 2nd, 4-6 (Groundball, 4)
José Guerrero to third
Batting: RHB Brian Harvey 0-0: Ball
1-0: Ball
2-0: Called Strike
2-1: Swinging Strike
2-2: Foul Ball, location: 2F
2-2: Foul Ball, location: 2F
2-2: Ball
3-2: Strikes out swinging
Bottom of the 1st over - 0 run(s), 1 hit(s), 0 error(s), 2 left on base; Ottawa 1 - Pittsburgh 0
TOP OF THE 2ND
Ottawa Fat Cats batting - Pitching for Pittsburgh Killa Beez : RHP Lu Kun
Batting: RHB Robert Blanchard 0-0: Called Strike
0-1: Ball
1-1: Ground out 5-3 (Groundball, 56)
Batting: RHB Lawrence Howard 0-0: Ground out 5-3 (Groundball, 56)
Batting: RHB Daniel Quintana 0-0: Called Strike
0-1: Ball
1-1: SINGLE (Flyball, 8LS)
Batting: RHB Luis Reynoso 0-0: Ball
1-0: Fly out, F7 (Flyball, 7)
Top of the 2nd over - 0 run(s), 1 hit(s), 0 error(s), 1 left on base; Ottawa 1 - Pittsburgh 0
BOTTOM OF THE 2ND
Pittsburgh Killa Beez batting - Pitching for Ottawa Fat Cats : RHP Steve Sousa
Batting: RHB Javier Sánchez 0-0: Called Strike
0-1: Ground out 4-3 (Groundball, 4)
Batting: RHB Mal Roberson 0-0: Ground out 6-3 (Groundball, 6)
Batting: RHB Travis Ezell 0-0: Called Strike
0-1: Foul Ball, location: 2F
0-2: Foul Ball, location: 2F
0-2: Fly out, F8 (Line Drive, 8LM)
Bottom of the 2nd over - 0 run(s), 0 hit(s), 0 error(s), 0 left on base; Ottawa 1 - Pittsburgh 0
TOP OF THE 3RD
Ottawa Fat Cats batting - Pitching for Pittsburgh Killa Beez : RHP Lu Kun
Batting: RHB Santiago Díaz 0-0: Ball
1-0: Called Strike
1-1: Foul Ball, location: 2F
1-2: Ball
2-2: Ground out 6-3 (Groundball, 6)
Batting: RHB George Green 0-0: Ball
1-0: Ground out 6-3 (Groundball, 6)
Batting: LHB Wayne Rogers 0-0: DOUBLE (Line Drive, 8LD)
Batting: RHB Vicente Guerra 0-0: Ball
1-0: Called Strike
1-1: Ball
2-1: Foul Ball, location: 2F
2-2: Ball
3-2: Strikes out looking
Top of the 3rd over - 0 run(s), 1 hit(s), 0 error(s), 1 left on base; Ottawa 1 - Pittsburgh 0
BOTTOM OF THE 3RD
Pittsburgh Killa Beez batting - Pitching for Ottawa Fat Cats : RHP Steve Sousa
Batting: RHB Fernando Vázquez 0-0: Fly out, F6 (Popup, 56)
Batting: RHB Stan Taylor 0-0: Ball
1-0: SINGLE (Line Drive, 56D)
Batting: LHB José Guerrero 0-0: Ball
Stan Taylor is caught stealing 2nd base
1-0: Ground out 4-3 (Groundball, 4S)
Bottom of the 3rd over - 0 run(s), 1 hit(s), 0 error(s), 0 left on base; Ottawa 1 - Pittsburgh 0
TOP OF THE 4TH
Ottawa Fat Cats batting - Pitching for Pittsburgh Killa Beez : RHP Lu Kun
Batting: SHB Jorge Santos 0-0: Ball
1-0: Swinging Strike
1-1: Called Strike
1-2: Fly out, F8 (Flyball, 8LM)
Batting: RHB Robert Blanchard 0-0: Foul Ball, location: 2F
0-1: SINGLE (Groundball, 34D)
Batting: RHB Lawrence Howard 0-0: Ball
1-0: Called Strike
1-1: Ball
2-1: Foul Ball, location: 2F
2-2: Ball
Wild Pitch!
Robert Blanchard to second
3-2: Strikes out looking
Batting: RHB Daniel Quintana 0-0: Ball
1-0: Ball
2-0: Ball
3-0: Called Strike
3-1: Base on Balls
Batting: RHB Luis Reynoso 0-0: Foul Ball, location: 2F
0-1: SINGLE (Groundball, 6MD)
Robert Blanchard to third
Daniel Quintana to second
Runner from 3rd tries for Home, throw and OUT!
Top of the 4th over - 0 run(s), 2 hit(s), 0 error(s), 2 left on base; Ottawa 1 - Pittsburgh 0
BOTTOM OF THE 4TH
Pittsburgh Killa Beez batting - Pitching for Ottawa Fat Cats : RHP Steve Sousa
Now in RF: Felipe Rivera
Batting: SHB Tony Morrison 0-0: Foul Ball, location: 2F
0-1: Foul Ball, location: 2F
0-2: Strikes out swinging
Batting: LHB Al Miller 0-0: Ball
1-0: Fly out, F7 (Flyball, 7S)
Batting: RHB Brian Harvey 0-0: Called Strike
0-1: Called Strike
0-2: Ball
1-2: Foul Ball, location: 2F
1-2: Foul Ball, location: 2F
1-2: Ground out 6-3 (Groundball, 6S)
Bottom of the 4th over - 0 run(s), 0 hit(s), 0 error(s), 0 left on base; Ottawa 1 - Pittsburgh 0
TOP OF THE 5TH
Ottawa Fat Cats batting - Pitching for Pittsburgh Killa Beez : RHP Lu Kun
Batting: RHB Santiago Díaz 0-0: Ball
1-0: Called Strike
1-1: Ball
2-1: Ball
3-1: Called Strike
3-2: Strikes out swinging
Batting: RHB George Green 0-0: Ground out 6-3 (Groundball, 6)
Batting: LHB Wayne Rogers 0-0: Fly out, F4 (Line Drive, 4)
Top of the 5th over - 0 run(s), 0 hit(s), 0 error(s), 0 left on base; Ottawa 1 - Pittsburgh 0
BOTTOM OF THE 5TH
Pittsburgh Killa Beez batting - Pitching for Ottawa Fat Cats : RHP Steve Sousa
Batting: RHB Javier Sánchez 0-0: Foul Ball, location: 2F
0-1: Called Strike
0-2: Ball
1-2: Foul Ball, location: 2F
1-2: Ball
2-2: Ground out 5-3 (Groundball, 5)
Batting: RHB Mal Roberson 0-0: Ball
1-0: Swinging Strike
1-1: Ball
2-1: Fly out, F7 (Flyball, 7)
Batting: RHB Travis Ezell 0-0: DOUBLE (Line Drive, 7LS)
Batting: RHB Fernando Vázquez 0-0: Swinging Strike
0-1: Swinging Strike
0-2: Strikes out looking
Bottom of the 5th over - 0 run(s), 1 hit(s), 0 error(s), 1 left on base; Ottawa 1 - Pittsburgh 0
TOP OF THE 6TH
Ottawa Fat Cats batting - Pitching for Pittsburgh Killa Beez : RHP Lu Kun
Batting: RHB Vicente Guerra 0-0: SINGLE (Flyball, 89M)
Batting: SHB Jorge Santos 0-0: Swinging Strike
0-1: Ball
1-1: Fly out, F9 (Flyball, 89M)
Batting: LHB Felipe Rivera 0-0: Called Strike
0-1: Ball
1-1: Foul Ball, location: 2F
1-2: Fielders Choice at 2nd, 4-6 (Groundball, 4)
Batting: RHB Lawrence Howard 0-0: Called Strike
Felipe Rivera steals 2nd base
0-1: Swinging Strike
0-2: Ball
1-2: Ball
2-2: Ball
3-2: Base on Balls
Pitching: RHP Christiano Bray
Batting: RHB Daniel Quintana 0-0: Fielders Choice at 2nd, U6 (Groundball, 6M)
Top of the 6th over - 0 run(s), 1 hit(s), 0 error(s), 2 left on base; Ottawa 1 - Pittsburgh 0
BOTTOM OF THE 6TH
Pittsburgh Killa Beez batting - Pitching for Ottawa Fat Cats : RHP Steve Sousa
Batting: RHB Stan Taylor 0-0: Swinging Strike
0-1: Foul Ball, location: 2F
0-2: SINGLE (Line Drive, 89S)
Batting: LHB José Guerrero 0-0: Ball
1-0: Ball
2-0: Ball
3-0: Fly out, F6 (Popup, 56D)
Batting: SHB Tony Morrison 0-0: Ball
1-0: Foul Ball, location: 2F
1-1: Swinging Strike
1-2: Foul Ball, location: 2F
1-2: Strikes out swinging
Batting: LHB Al Miller 0-0: Called Strike
Stan Taylor steals 2nd base
0-1: Ball
1-1: Ball
2-1: Ball
3-1: Foul Ball, location: 2F
3-2: Strikes out swinging
Bottom of the 6th over - 0 run(s), 1 hit(s), 0 error(s), 1 left on base; Ottawa 1 - Pittsburgh 0
TOP OF THE 7TH
Ottawa Fat Cats batting - Pitching for Pittsburgh Killa Beez : RHP Christiano Bray
Batting: RHB Luis Reynoso 0-0: Ball
1-0: Ball
2-0: Ball
3-0: Fly out, F7 (Line Drive, 7)
Batting: RHB Santiago Díaz 0-0: Ball
1-0: Foul Ball, location: 2F
1-1: Foul Ball, location: 2F
1-2: Strikes out swinging
Batting: RHB George Green 0-0: Ball
1-0: Ball
2-0: Called Strike
2-1: Foul Ball, location: 2F
2-2: Ball
3-2: Strikes out swinging
Top of the 7th over - 0 run(s), 0 hit(s), 0 error(s), 0 left on base; Ottawa 1 - Pittsburgh 0
BOTTOM OF THE 7TH
Pittsburgh Killa Beez batting - Pitching for Ottawa Fat Cats : RHP Steve Sousa
Batting: RHB Brian Harvey 0-0: Called Strike
0-1: Fly out, F7 (Flyball, 78S)
Pitching: RHP Brian Hankins
Batting: RHB Javier Sánchez 0-0: Foul Ball, location: 2F
0-1: Ball
1-1: Foul Ball, location: 2F
1-2: Ball
2-2: Strikes out swinging
Batting: RHB Mal Roberson 0-0: Ball
1-0: SINGLE (Line Drive, 8LS)
Pinch Hitting: RHB Manny Gallardo 0-0: Ball
1-0: Foul Ball, location: 2F
1-1: Ball
2-1: Ball
3-1: Fielders Choice at 2nd, U4 (Groundball, 4M)
Bottom of the 7th over - 0 run(s), 1 hit(s), 0 error(s), 1 left on base; Ottawa 1 - Pittsburgh 0
TOP OF THE 8TH
Ottawa Fat Cats batting - Pitching for Pittsburgh Killa Beez : RHP Christiano Bray
Pitching: LHP Germán Duarte
Now at SS: Julián Espinoza
Batting: LHB Wayne Rogers 0-0: Fly out, F7 (Flyball, 78M)
Pitching: RHP Pedro Rivera
Batting: RHB Vicente Guerra 0-0: Foul Ball, location: 2F
0-1: Ball
1-1: Ball
2-1: Foul Ball, location: 2F
2-2: Strikes out swinging
Batting: SHB Jorge Santos 0-0: Called Strike
0-1: Ball
1-1: Ball
2-1: Foul Ball, location: 2F
2-2: Ball
3-2: Base on Balls
Batting: LHB Felipe Rivera 0-0: Fly out, F8 (Line Drive, 8RM)
Top of the 8th over - 0 run(s), 0 hit(s), 0 error(s), 1 left on base; Ottawa 1 - Pittsburgh 0
BOTTOM OF THE 8TH
Pittsburgh Killa Beez batting - Pitching for Ottawa Fat Cats : RHP Brian Hankins
Pitching: RHP Ken Edwards
Batting: RHB Fernando Vázquez 0-0: Foul Ball, location: 2F
0-1: Foul Ball, location: 2F
0-2: Ball
1-2: Strikes out swinging, 2-3 out at first.
Batting: RHB Stan Taylor 0-0: Ball
1-0: DOUBLE (Flyball, 78M)
Pitching: LHP Tim Burrell
Batting: LHB José Guerrero 0-0: Swinging Strike
0-1: Ball
1-1: Called Strike
1-2: Strikes out swinging
Batting: SHB Tony Morrison 0-0: Called Strike
0-1: Ball
1-1: Ball
2-1: Ball
3-1: Ground out 4-3 (Groundball, 4)
Bottom of the 8th over - 0 run(s), 1 hit(s), 0 error(s), 1 left on base; Ottawa 1 - Pittsburgh 0
TOP OF THE 9TH
Ottawa Fat Cats batting - Pitching for Pittsburgh Killa Beez : RHP Pedro Rivera
Batting: RHB Lawrence Howard 0-0: Called Strike
0-1: Foul Ball, location: 2F
0-2: Strikes out swinging
Batting: RHB Daniel Quintana 0-0: Foul Ball, location: 2F
0-1: Called Strike
0-2: Ball
1-2: Strikes out swinging
Batting: RHB Luis Reynoso 0-0: Swinging Strike
0-1: Swinging Strike
0-2: Ball
1-2: Strikes out swinging
Top of the 9th over - 0 run(s), 0 hit(s), 0 error(s), 0 left on base; Ottawa 1 - Pittsburgh 0
BOTTOM OF THE 9TH
Pittsburgh Killa Beez batting - Pitching for Ottawa Fat Cats : LHP Tim Burrell
Pitching: RHP Dave Mitchell
Batting: LHB Al Miller 0-0: Ball
1-0: Ball
2-0: Foul Ball, location: 2F
2-1: Foul Ball, location: 2F
2-2: Hit by Pitch
Batting: RHB Brian Harvey 0-0: Foul Ball, location: 2F
0-1: Ball
1-1: Ball
2-1: Fly out, F7 (Flyball, 7)
Batting: RHB Javier Sánchez 0-0: Fly out, F9 (Flyball, 89S)
Pinch Hitting: RHB Gustavo Valle 0-0: Ball
1-0: Called Strike
1-1: Ball
2-1: Swinging Strike
2-2: Strikes out swinging
Bottom of the 9th over - 0 run(s), 0 hit(s), 0 error(s), 1 left on base; Ottawa 1 - Pittsburgh 0
Thursday, March 30th, 2017 - OOTP Baseball 17.12 Build 75